[Event "Titled Tuesday Blitz June 15 2021"]
[White "Quparadze, Giga"]
[Black "Hess, Robert"]
[WhiteFideId "13602250"]
[BlackFideId "2022036"]
[WhiteElo "2658"]
[BlackElo "2557"]
[Result "1-0"]
[Round "04"]
[TimeControl "180+1"]
[Date "2021.06.15"]
[WhiteClock "0:01:30"]
[BlackClock "0:00:05"]

1. e4 d6 2. d4 Nf6 3. Nc3 c6 4. a4 Qc7 5. a5 e5 6. Nf3 Bg4 7. d5 cxd5 8. Bb5+ Nbd7 9. Nxd5 Nxd5 10. Qxd5 a6 11. Ba4 Be7 12. Ra3 O-O 13. Rc3 Qb8 14. b4 Nf6 15. Qb3 Nxe4 16. Re3 Be6 17. Qb1 d5 18. c4 Nf6 19. Nxe5 dxc4 20. O-O Qd6 21. Ba3 Nd5 22. Nxc4 Qc7 23. Nb6 Nxe3 24. Nxa8 Rxa8 25. fxe3 Qc3 26. Qc1 Rc8 27. Qxc3 Rxc3 28. Bc1 Bxb4 29. Rd1 h5 30. Rd8+ Kh7 31. Bd2 Rc4 32. Bb3 Bxd2 33. Rxd2 Rc1+ 34. Rd1 Rxd1+ 35. Bxd1 Bd5 36. Bxh5 Kh6 37. Bf3 Bxf3 38. gxf3 Kg5 39. Kf2 Kf5 40. e4+ Ke5 41. Ke3 Kd6 42. f4 Kc5 43. f5 f6 44. h4 b5 45. axb6 Kxb6 46. e5 fxe5 47. h5 a5 48. f6 gxf6 49. h6 a4 50. h7 a3 51. h8=Q a2 1-0


[Site "https://www.chess.com"]

[Event "Titled Tuesday Blitz June 15 2021"]
[White "Rodchenkov, Sergey D."]
[Black "Colas, Joshua"]
[WhiteFideId "4168712"]
[BlackFideId "2044447"]
[WhiteElo "2306"]
[BlackElo "2347"]
[Result "0-1"]
[Round "04"]
[TimeControl "180+1"]
[Date "2021.06.15"]
[WhiteClock "0:00:09"]
[BlackClock "0:00:17"]

1. e4 Nf6 2. Nc3 d5 3. exd5 Nxd5 4. Qf3 Nxc3 5. dxc3 Nc6 6. Bb5 Bd7 7. Be3 a6 8. Ba4 e6 9. O-O-O Bd6 10. h4 Qf6 11. Qe2 b5 12. Bb3 Na5 13. Nf3 Nxb3+ 14. axb3 h6 15. Bd4 Qf4+ 16. Kb1 O-O 17. h5 Bc6 18. Ne5 Qe4 19. Qxe4 Bxe4 20. Rhe1 Bb7 21. c4 Rad8 22. c5 Be7 23. b4 Bd5 24. Bc3 Rfe8 25. g4 Bh4 26. Rd2 Bg5 27. Rd4 f6 28. Ng6 e5 29. Rxd5 Rxd5 30. f4 Bxf4 31. Nxf4 Rdd8 32. Ng6 e4 33. Kc1 e3 34. Re2 Re4 35. b3 Rde8 36. Nh4 Rxg4 37. Nf5 Rg5 38. Nxe3 Rxh5 39. Kd2 Rh3 40. Bd4 c6 41. Rg2 Kf7 42. Nf5 Rg8 43. Nd6+ Ke6 44. Re2+ Kd7 45. Nf5 Rh5 46. Nd6 Rd5 47. Kd3 h5 48. c4 Rg5 49. Ra2 Rg3+ 50. Ke4 Rg4+ 51. Kd3 h4 52. Rxa6 h3 53. Ra7+ Ke6 54. Ra1 Rg3+ 55. Ke4 f5+ 56. Nxf5 Rg4+ 57. Kf3 Kxf5 58. Rh1 Rxd4 0-1


[Site "https://www.chess.com"]

[Event "Titled Tuesday Blitz June 15 2021"]
[White "Rostovtsev, Dmitry"]
[Black "Guliev, Logman"]
[WhiteFideId "34278320"]
[BlackFideId "13400061"]
[WhiteElo "2143"]
[BlackElo "2128"]
[Result "1/2-1/2"]
[Round "04"]
[TimeControl "180+1"]
[Date "2021.06.15"]
[WhiteClock "0:00:09"]
[BlackClock "0:00:06"]

1. e4 c5 2. Nf3 d6 3. d4 cxd4 4. Nxd4 Nf6 5. Nc3 a6 6. Be3 e5 7. Nf3 h6 8. h3 Be6 9. g4 Qc7 10. g5 hxg5 11. Nxg5 Bc4 12. Bxc4 Qxc4 13. Qd2 b5 14. a3 Nbd7 15. Rg1 Rc8 16. O-O-O b4 17. Qd3 Qxd3 18. Rxd3 bxc3 19. b4 Be7 20. Kb1 g6 21. Rgd1 Nh5 22. Ka2 Nf4 23. Rxd6 Bxd6 24. Rxd6 Nxh3 25. Nxf7 Kxf7 26. Rxd7+ Ke6 27. Ra7 Rc6 28. a4 Rb8 29. Kb3 Nf4 30. Rg7 Kf6 31. Rd7 Ne6 32. Rd1 Rd8 33. Rc1 Nd4+ 34. Ka3 Rb8 35. f4 Rc4 36. Bxd4 Rxd4 37. fxe5+ Kxe5 38. Rb1 Rd2 39. Rc1 g5 40. Rg1 Rxc2 41. Kb3 Rb2+ 42. Kxc3 R2xb4 43. Rxg5+ Kxe4 44. Rg4+ Kd5 45. Rxb4 Rh8 46. Rb6 Ra8 47. Kb4 Ra7 48. Rb8 Kc6 49. Ka5 Kc7 50. Rb6 Ra8 51. Rh6 Rg8 52. Kxa6 Kb8 53. Rf6 Rh8 54. a5 Ka8 55. Rd6 Rg8 56. Kb6 Rb8+ 57. Kc7 Rb1 58. Rb6 Rc1+ 59. Kd6 Ka7 60. Rc6 Rd1+ 61. Kc5 Rc1+ 62. Kb5 Rb1+ 63. Ka4 Rb2 64. Rc7+ Ka6 65. Rc6+ Ka7 66. Rh6 Rb1 67. Rg6 Rb2 68. Ka3 Rb1 69. Rg5 Ka6 70. Ka4 Rf1 71. Rg6+ Ka7 72. Kb5 Rf5+ 73. Kb4 Re5 74. Rg4 Rf5 75. Rd4 Rg5 76. Rd7+ Ka6 77. Rd6+ Ka7 78. Rc6 Kb7 79. Rc5 Rxc5 80. Kxc5 Ka6 81. Kb4 Ka7 82. Kb5 Kb7 83. a6+ Ka7 84. Ka5 Ka8 85. Kb6 Kb8 86. a7+ Ka8 87. Ka6 1/2-1/2


[Site "https://www.chess.com"]

[Event "Titled Tuesday Blitz June 15 2021"]
[White "Rottenwohrer Suarez, Juan"]
[Black "Gledura, Benjamin"]
[WhiteFideId "32068182"]
[BlackFideId "712779"]
[WhiteElo "2487"]
[BlackElo "2775"]
[Result "0-1"]
[Round "04"]
[TimeControl "180+1"]
[Date "2021.06.15"]
[WhiteClock "0:00:02"]
[BlackClock "0:00:24"]

1. d4 Nf6 2. c4 d6 3. Nf3 Nbd7 4. g3 e5 5. Bg2 g6 6. O-O Bg7 7. Nc3 O-O 8. e4 exd4 9. Nxd4 Re8 10. b3 Nc5 11. f3 Bd7 12. Be3 h5 13. Qd2 h4 14. g4 Bc6 15. Rad1 Ne6 16. Nxe6 Rxe6 17. Bg5 Re5 18. Bxh4 Nxe4 19. Bxd8 Nxd2 20. Rxd2 Rxd8 21. Nd5 Rde8 22. Nxc7 Re2 23. Rfd1 Bh6 24. Nxe8 Bxd2 25. Kf1 Rxe8 26. Rxd2 Re6 27. Kf2 g5 28. Kg3 Kg7 29. h4 f6 30. h5 b6 31. Kf2 Kh6 32. Rd4 f5 33. gxf5 Rf6 34. Bh3 Kxh5 35. Bg4+ Kh6 36. Rd2 Kg7 37. Re2 Kf7 38. Bh5+ Kf8 39. Bg6 Bd7 40. Rd2 Ke7 41. Re2+ Kd8 42. Rd2 Kc7 43. Re2 Bxf5 44. Bxf5 Rxf5 45. Re7+ Kc6 46. Kg3 a5 47. Kg4 Rf4+ 48. Kg3 a4 49. Rg7 a3 50. Rxg5 Rd4 51. Rg7 Rd2 52. f4 Rxa2 53. f5 Ra1 54. f6 a2 55. Ra7 Rg1+ 56. Kf2 a1=Q 57. Rxa1 Rxa1 58. f7 Ra8 0-1


[Site "https://www.chess.com"]

[Event "Titled Tuesday Blitz June 15 2021"]
[White "Sanal, Vahap"]
[Black "Andreikin, Dmitry"]
[WhiteFideId "6300545"]
[BlackFideId "4158814"]
[WhiteElo "2507"]
[BlackElo "2782"]
[Result "0-1"]
[Round "04"]
[TimeControl "180+1"]
[Date "2021.06.15"]
[WhiteClock "0:00:02"]
[BlackClock "0:00:03"]

1. e4 c5 2. Nf3 e6 3. g3 Nc6 4. Bg2 Nf6 5. Qe2 d6 6. O-O e5 7. c3 Bg4 8. h3 Bh5 9. Na3 Be7 10. d3 O-O 11. Nc4 Re8 12. Re1 Bf8 13. Qc2 b5 14. Ne3 Rc8 15. a4 b4 16. Nc4 Na5 17. Nxa5 Qxa5 18. Nd2 Nd7 19. Nc4 Qc7 20. a5 f6 21. h4 Bf7 22. Bd2 bxc3 23. bxc3 Rb8 24. Qa4 Red8 25. Ne3 Bb3 26. Qa3 Be6 27. Nd5 Qc6 28. Kh2 g6 29. Qa2 Kg7 30. Ne7 Bxe7 31. Qxe6 Re8 32. Qc4 Qb5 33. Qd5 Qb3 34. Bh3 Qxd5 35. exd5 f5 36. Reb1 Rxb1 37. Rxb1 Rb8 38. Rxb8 Nxb8 39. h5 Bd8 40. hxg6 hxg6 41. g4 Kf6 42. gxf5 gxf5 43. f4 Bxa5 44. fxe5+ dxe5 45. Be1 Nd7 46. Kg2 Kg6 47. Kf3 Bc7 48. Bh4 Nf6 49. c4 a5 50. Ke2 a4 51. Kd2 e4 52. Bf2 Bd6 53. d4 f4 54. dxc5 e3+ 55. Kc2 Bxc5 56. Be1 f3 57. Kd3 f2 58. Bc3 Nh5 59. Be5 a3 60. Ke2 a2 61. Kf3 Nf6 62. Ba1 Nd7 63. Ke2 Nb6 64. Kd3 Na4 65. Bg2 Kf5 66. d6 Bxd6 67. Kxe3 Be5 68. c5 Bxa1 69. c6 Bd4+ 0-1


[Site "https://www.chess.com"]

[Event "Titled Tuesday Blitz June 15 2021"]
[White "Sargsyan, Anna M."]
[Black "Aitbayev, Aslan"]
[WhiteFideId "13308130"]
[BlackFideId "13704613"]
[WhiteElo "2545"]
[BlackElo "2765"]
[Result "1/2-1/2"]
[Round "04"]
[TimeControl "180+1"]
[Date "2021.06.15"]
[WhiteClock "0:00:09"]
[BlackClock "0:00:04"]

1. d4 d5 2. c4 c6 3. Nc3 Nf6 4. Nf3 e6 5. e3 Nbd7 6. Bd3 dxc4 7. Bxc4 b5 8. Bd3 Bd6 9. Qc2 Bb7 10. e4 e5 11. Bg5 O-O 12. O-O-O Qc7 13. Kb1 a6 14. dxe5 Nxe5 15. Bxf6 gxf6 16. Be2 Nxf3 17. gxf3 Kh8 18. Bf1 Rad8 19. Bh3 Bf4 20. Ne2 Be5 21. Bf5 c5 22. Rhg1 Rxd1+ 23. Qxd1 Rg8 24. Rxg8+ Kxg8 25. Qg1+ Kf8 26. Bxh7 Bxh2 27. Qg8+ Ke7 28. Ng3 Bc8 29. Bg6 fxg6 30. Qh7+ Kd8 31. Qh8+ Ke7 32. Qxh2 Be6 33. Nf5+ Kd7 34. Qh7+ Kc6 35. Qxg6 Qe5 36. Ne7+ Kd7 37. Qg7 Bxa2+ 38. Kxa2 Qxe7 39. Qh8 c4 40. Qa8 Qe6 41. Qb7+ Ke8 42. f4 c3+ 43. Kb1 cxb2 44. Kxb2 Qd6 45. Qc8+ Ke7 46. Qb7+ Kf8 47. f5 Qb4+ 48. Kc2 Qc5+ 49. Kd3 Qc4+ 50. Ke3 b4 51. Qb8+ Kg7 52. Qb7+ Kh6 53. Kf4 b3 54. Qb8 Qc1+ 55. Kf3 Qd1+ 56. Kf4 Qc1+ 57. Kf3 Qc3+ 58. Kg4 Kg7 59. Qb7+ Kf8 60. Qa8+ Ke7 61. Qb7+ Kd8 62. Qb8+ Kd7 63. Qb7+ Kd6 64. Qb8+ Kd7 65. Qb7+ Kd6 66. Qb6+ Ke7 67. Qb7+ Ke8 68. Qb8+ Kd7 1/2-1/2


[Site "https://www.chess.com"]

[Event "Titled Tuesday Blitz June 15 2021"]
[White "Savitski, Andrei"]
[Black "Villegas, Pierre"]
[WhiteFideId "13506161"]
[BlackFideId "654183"]
[WhiteElo "2121"]
[BlackElo "2411"]
[Result "0-1"]
[Round "04"]
[TimeControl "180+1"]
[Date "2021.06.15"]
[WhiteClock "0:00:33"]
[BlackClock "0:00:33"]

1. e4 c6 2. d4 d5 3. Nc3 b5 4. Bd3 b4 5. Nce2 e6 6. e5 Ba6 7. f4 g6 8. Nf3 c5 9. dxc5 Bxc5 10. Ned4 Ne7 11. Be3 Qb6 12. O-O O-O 13. Kh1 Bxd3 14. Qxd3 Nbc6 15. g4 Nxd4 16. Bxd4 Rac8 17. Rad1 a5 18. Rg1 Bxd4 19. Nxd4 f6 20. f5 exf5 21. gxf5 fxe5 22. Rde1 Qxd4 23. Qxd4 exd4 24. Rxe7 Rxf5 25. Rge1 Rxc2 26. Rd7 d3 0-1


[Site "https://www.chess.com"]

[Event "Titled Tuesday Blitz June 15 2021"]
[White "Seo, Jung Min"]
[Black "Sarana, Alexey"]
[WhiteFideId "1734687"]
[BlackFideId "24133795"]
[WhiteElo "2486"]
[BlackElo "2629"]
[Result "0-1"]
[Round "04"]
[TimeControl "180+1"]
[Date "2021.06.15"]
[WhiteClock "0:00:03"]
[BlackClock "0:00:09"]

1. e4 c5 2. Nf3 d6 3. d4 cxd4 4. Nxd4 Nf6 5. Nc3 a6 6. Bg5 e6 7. f4 Qb6 8. Nb3 Nbd7 9. Qf3 Qc7 10. O-O-O b5 11. Bd3 Bb7 12. g4 Rc8 13. Bxf6 Nxf6 14. g5 b4 15. Ne2 Nd7 16. Kb1 Be7 17. h4 a5 18. f5 a4 19. Nbd4 e5 20. f6 exd4 21. fxe7 Ne5 22. Qg3 Nxd3 23. Qxd3 b3 24. cxb3 Qxe7 25. Ng3 axb3 26. Qb5+ Bc6 27. Qxb3 Bxe4+ 28. Nxe4 Qxe4+ 29. Qd3 Qxd3+ 30. Rxd3 h6 31. Rxd4 hxg5 32. Re1+ Kd7 33. hxg5 Rh5 34. Rf4 Rf8 35. Rg4 Rh2 36. Reg1 Rf2 37. R4g2 Rf5 38. a4 Rb8 39. Ka2 Rb4 40. Ka3 Rb7 41. Rg3 Rf4 42. b3 d5 43. Rd3 Kd6 44. Rgd1 Rf5 45. Rg3 Rf4 46. Rgd3 Rf5 47. Rg3 g6 48. b4 Rf4 49. Rb3 Rc4 50. a5 d4 51. Ka4 Kc6 52. Rf1 Rc2 53. Rf6+ Kd5 54. b5 Rc4+ 55. Rb4 d3 56. Rxc4 Kxc4 57. b6 Rd7 58. a6 d2 59. Rf1 d1=Q+ 60. Rxd1 Rxd1 61. Ka3 Ra1+ 0-1


[Site "https://www.chess.com"]

[Event "Titled Tuesday Blitz June 15 2021"]
[White "Shahade, Gregory"]
[Black "Vyatkin, Dmitry"]
[WhiteFideId "2009064"]
[BlackFideId "4171900"]
[WhiteElo "2718"]
[BlackElo "2279"]
[Result "1-0"]
[Round "04"]
[TimeControl "180+1"]
[Date "2021.06.15"]
[WhiteClock "0:00:13"]
[BlackClock "0:00:11"]

1. e4 e6 2. d4 d5 3. Nd2 c5 4. exd5 Qxd5 5. Ngf3 cxd4 6. Bc4 Qd6 7. O-O Nf6 8. Nb3 Nc6 9. Nbxd4 Nxd4 10. Nxd4 a6 11. Re1 Bd7 12. Bg5 Qc5 13. Bxf6 gxf6 14. Bf1 O-O-O 15. c3 e5 16. Nb3 Qb6 17. Qf3 h5 18. Bd3 h4 19. Be4 h3 20. g3 Be7 21. Rad1 Be6 22. Bd5 Rd6 23. c4 Bxd5 24. Rxd5 Rxd5 25. Qxd5 Qe6 26. Qe4 Rd8 27. c5 f5 28. Qe2 e4 29. c6 Bg5 30. cxb7+ Kb8 31. Nc5 Qb6 32. Qxa6 Qxa6 33. Nxa6+ Kxb7 34. Nc5+ Kb6 35. Nb3 Ra8 36. a3 Rc8 37. Re2 Kb5 38. Nd4+ Ka4 39. Re1 Rc5 40. f3 Bf6 41. Rd1 Rd5 42. b3+ Kxa3 43. Nc2+ Kxb3 44. Rxd5 Kxc2 45. Rxf5 Bd4+ 46. Kf1 e3 47. Ke2 f6 48. Rf4 Kc3 49. Rh4 1-0


[Site "https://www.chess.com"]

[Event "Titled Tuesday Blitz June 15 2021"]
[White "Shahaliyev, Ismayil"]
[Black "Isajevsky, Anton"]
[WhiteFideId "13406388"]
[BlackFideId "4142500"]
[WhiteElo "2751"]
[BlackElo "2544"]
[Result "1-0"]
[Round "04"]
[TimeControl "180+1"]
[Date "2021.06.15"]
[WhiteClock "0:00:09"]
[BlackClock "0:00:02"]

1. d4 d5 2. Nf3 Nf6 3. Bf4 c5 4. e3 cxd4 5. exd4 Nc6 6. c3 Bf5 7. Qb3 Qc8 8. Nbd2 e6 9. Be2 Be7 10. O-O O-O 11. h3 h6 12. Ne5 a6 13. Rfe1 Nd7 14. Nxc6 Qxc6 15. a4 b6 16. Nf3 Bd6 17. Bxd6 Qxd6 18. Qd1 Be4 19. Nd2 Bg6 20. Nb3 a5 21. Bd3 Bxd3 22. Qxd3 Rab8 23. Qa6 Qc7 24. Qe2 Nf6 25. Nc1 Ne4 26. Nd3 Rfc8 27. f3 Nd6 28. Ra2 Nc4 29. Rea1 Rb7 30. Kh1 Rcb8 31. Qf2 Nd6 32. Ra3 Qc4 33. Qd2 Qc7 34. Rb3 Rc8 35. Qf2 Nc4 36. g4 Nd6 37. Kg2 Qc4 38. Qc2 Qxd4 39. Rd1 Qxa4 40. Rd2 Nc4 41. Re2 Rbc7 42. Nc1 Qc6 43. Qd3 b5 44. Qd4 Qc5 45. Qxc5 Rxc5 46. Nd3 R5c6 47. Rxb5 Rb6 48. Rxb6 Nxb6 49. Re1 Nc4 50. Ra1 Rb8 51. Ra2 f6 52. Kf2 Kf7 53. Ke2 Rb5 54. Kd1 e5 55. Kc2 Ke6 56. b3 Nd6 57. b4 axb4 58. Nxb4 d4 59. Nd3 dxc3 60. Kxc3 Rb8 61. Ra7 Rc8+ 62. Kd2 g5 63. Rh7 e4 64. fxe4 Nxe4+ 65. Ke3 Nd6 66. Rxh6 Rc3 67. Kd4 Ra3 68. Nc5+ Kf7 69. Rh7+ Kg6 70. Rd7 Nf7 71. Kd5 Ne5 72. Rb7 Rc3 73. Ne4 Rd3+ 74. Ke6 Ra3 75. Nxf6 Nc4 76. Ne8 Ra6+ 77. Kd5 Ne3+ 78. Ke4 Ng2 79. Rg7+ Kh6 80. Rg8 Nf4 81. Kf5 Nxh3 82. Rh8# 1-0


[Site "https://www.chess.com"]

[Event "Titled Tuesday Blitz June 15 2021"]
[White "Shipov, Sergei"]
[Black "Ibrayev, Nurlan"]
[WhiteFideId "4113624"]
[BlackFideId "13700650"]
[WhiteElo "2774"]
[BlackElo "2549"]
[Result "1-0"]
[Round "04"]
[TimeControl "180+1"]
[Date "2021.06.15"]
[WhiteClock "0:00:09"]
[BlackClock "0:00:05"]

1. d4 Nf6 2. c4 e6 3. Nc3 Bb4 4. e3 O-O 5. Ne2 Re8 6. a3 Bf8 7. d5 d6 8. Ng3 c6 9. Be2 Na6 10. b4 Nc7 11. e4 exd5 12. exd5 cxd5 13. cxd5 a5 14. b5 Bg4 15. f3 Bd7 16. O-O Rc8 17. Kh1 Re5 18. f4 Nfxd5 19. fxe5 Nxc3 20. Qb3 N7d5 21. Bf3 Be6 22. Qb2 dxe5 23. Bd2 f6 24. Rac1 Na4 25. Rxc8 Qxc8 26. Qb3 Nc5 27. Qc2 Qd7 28. a4 b6 29. Rd1 h6 30. Bc1 Qf7 31. Ne4 Nb4 32. Qf2 Nxe4 33. Bxe4 Bb3 34. Rd8 Bxa4 35. Qxb6 Qc4 36. Qe3 Qf1+ 37. Qg1 Qxg1+ 38. Kxg1 Bxb5 39. Be3 Kf7 40. Rb8 Be7 41. Rxb5 Nc2 42. Bxc2 Bb4 43. Bb3+ 1-0


[Site "https://www.chess.com"]

[Event "Titled Tuesday Blitz June 15 2021"]
[White "Sjugirov, Sanan"]
[Black "Suvorov, Alexander"]
[WhiteFideId "4189302"]
[BlackFideId "12977063"]
[WhiteElo "2939"]
[BlackElo "2575"]
[Result "1-0"]
[Round "04"]
[TimeControl "180+1"]
[Date "2021.06.15"]
[WhiteClock "0:00:51"]
[BlackClock "0:00:06"]

1. e4 c5 2. Nf3 e6 3. d4 cxd4 4. Nxd4 Nc6 5. Nc3 Qc7 6. g3 a6 7. Bg2 Nf6 8. O-O Nxd4 9. Qxd4 Bc5 10. Bf4 d6 11. Qd2 Nd7 12. Rad1 Ne5 13. Na4 O-O 14. Nxc5 dxc5 15. Qc3 f6 16. Bxe5 fxe5 17. Qd2 b5 18. Qd6 Ra7 19. Bh3 Re8 20. c3 Qxd6 21. Rxd6 Rc7 22. Rfd1 Kf7 23. f4 exf4 24. gxf4 e5 25. Bxc8 Rexc8 26. f5 Re8 27. Rxa6 g6 28. fxg6+ hxg6 29. Rdd6 b4 30. c4 Rg8 31. Kf2 Rh8 32. Kg3 Rg8 33. Rf6+ Ke7 34. Rxg6 Rxg6+ 35. Rxg6 Rc8 36. h4 Ra8 37. h5 Rxa2 38. h6 Ra8 39. Kg4 Kf7 40. Kg5 Ra1 41. Rg7+ Ke6 42. Rg6+ Kf7 43. Rf6+ Ke7 44. Rc6 Rg1+ 45. Kf5 Rh1 46. Kxe5 Rh5+ 47. Kf4 Rh2 48. Rxc5 Rxh6 49. Rb5 Rf6+ 50. Ke3 1-0


[Site "https://www.chess.com"]

[Event "Titled Tuesday Blitz June 15 2021"]
[White "Skliarov, Viktor"]
[Black "Libiszewski, Fabien"]
[WhiteFideId "14106736"]
[BlackFideId "616834"]
[WhiteElo "2344"]
[BlackElo "2440"]
[Result "1-0"]
[Round "04"]
[TimeControl "180+1"]
[Date "2021.06.15"]
[WhiteClock "0:00:09"]
[BlackClock "0:00:04"]

1. e4 e6 2. d4 d5 3. e5 c5 4. c3 Nc6 5. Nf3 Bd7 6. a3 f6 7. Bb5 c4 8. O-O Na5 9. Bxd7+ Qxd7 10. Nbd2 Ne7 11. exf6 gxf6 12. Re1 Ng6 13. Nf1 Nb3 14. Rb1 O-O-O 15. Be3 Bd6 16. N1d2 Nxd2 17. Qxd2 Rhg8 18. b3 Qc7 19. bxc4 Qxc4 20. Bh6 Rde8 21. h4 Qc7 22. h5 Nf4 23. Bxf4 Bxf4 24. Qd3 Rg7 25. Kf1 Bd6 26. a4 Qf7 27. c4 Qxh5 28. cxd5 Qxd5 29. Rec1+ Kb8 30. Rb5 Qa2 31. d5 e5 32. Nh4 e4 33. Qc3 e3 34. fxe3 Qxa4 35. Qc4 Qxc4+ 36. Rxc4 Rxe3 37. Nf5 Reg3 38. Nxd6 a6 39. Rc8+ Ka7 40. Rb2 Rd3 41. Nf5 Rg5 42. Ne7 Re5 43. Rc7 a5 44. Rbxb7+ Ka6 45. Nc6 Rd1+ 46. Kf2 Rd2+ 47. Kg3 Rexd5 48. Rb1 a4 49. Ra7# 1-0


[Site "https://www.chess.com"]

[Event "Titled Tuesday Blitz June 15 2021"]
[White "Solon, Nathan"]
[Black "Pastar, Slaven"]
[WhiteFideId "2017229"]
[BlackFideId "14402718"]
[WhiteElo "2638"]
[BlackElo "2227"]
[Result "0-1"]
[Round "04"]
[TimeControl "180+1"]
[Date "2021.06.15"]
[WhiteClock "0:00:09"]
[BlackClock "0:00:13"]

1. d4 b6 2. e4 Bb7 3. Bd3 Nf6 4. Qe2 e6 5. Nf3 d5 6. e5 Ne4 7. Nbd2 Nxd2 8. Bxd2 c5 9. c3 Be7 10. h4 a5 11. h5 Ba6 12. h6 g6 13. c4 cxd4 14. cxd5 Qxd5 15. Rc1 Bxd3 16. Qxd3 Nc6 17. O-O Nxe5 18. Nxe5 Qxe5 19. Rfe1 Qd5 20. Bf4 O-O 21. Re5 Qd7 22. Re4 Bf6 23. Be5 Bxe5 24. Rxe5 Rac8 25. Rd1 Rfd8 26. Re4 Qd5 27. Qf3 Qg5 28. Rf4 f5 29. g3 Qxh6 30. Rh4 Qg7 31. Qe2 Qf6 32. Kg2 e5 33. Qb5 Qc6+ 0-1


[Site "https://www.chess.com"]

[Event "Titled Tuesday Blitz June 15 2021"]
[White "Stribuk, Artiom"]
[Black "Gabrielian, Artur"]
[WhiteFideId "13515659"]
[BlackFideId "4131002"]
[WhiteElo "2575"]
[BlackElo "2787"]
[Result "0-1"]
[Round "04"]
[TimeControl "180+1"]
[Date "2021.06.15"]
[WhiteClock "0:01:55"]
[BlackClock "0:02:40"]

1. d4 Nf6 2. c4 c5 3. Nf3 cxd4 4. Nxd4 e6 5. g3 d5 6. Bg2 e5 7. Nf3 d4 8. O-O Nc6 9. e3 Be7 10. exd4 exd4 11. b4 Nxb4 12. Nxd4 O-O 13. Nc3 Bg4 14. Qd2 Rc8 15. Bxb7 Rxc4 16. Nb3 Qc7 0-1


[Site "https://www.chess.com"]

[Event "Titled Tuesday Blitz June 15 2021"]
[White "Svane, Frederik"]
[Black "Mortazavi, Ali"]
[WhiteFideId "12923044"]
[BlackFideId "401323"]
[WhiteElo "2788"]
[BlackElo "2573"]
[Result "1-0"]
[Round "04"]
[TimeControl "180+1"]
[Date "2021.06.15"]
[WhiteClock "0:00:07"]
[BlackClock "0:00:04"]

1. e4 c6 2. Nf3 d5 3. exd5 cxd5 4. d4 Nc6 5. c3 a6 6. Bd3 Bg4 7. h3 Bh5 8. Nbd2 e6 9. O-O Bd6 10. Re1 Nge7 11. Qc2 Qc7 12. a3 h6 13. Be2 g5 14. Nf1 Bxf3 15. Bxf3 Nxd4 16. Qd1 Nxf3+ 17. Qxf3 Ng6 18. Be3 O-O-O 19. Rac1 Kb8 20. Qe2 Rc8 21. b3 Bxa3 22. Rc2 Bc5 23. c4 Bxe3 24. Qxe3 Qf4 25. Qd3 dxc4 26. bxc4 Rhd8 27. Qb3 Ne5 28. Rb1 Rd7 29. c5 Qe4 30. Ne3 Nc6 31. Rcb2 f5 32. Nc4 Qd5 33. Qa4 Qxc5 34. Nb6 Rcd8 35. Nxd7+ Rxd7 36. Qb3 Nd4 37. Qe3 f4 38. Qe4 Qc7 39. Rxb7+ Qxb7 40. Rxb7+ Rxb7 41. Qe5+ Kc8 42. Qxd4 Rd7 43. Qc4+ Rc7 44. Qxa6+ Kd7 45. Qa4+ Ke7 46. Qd4 Rd7 47. Qg7+ Kd6 48. Qxh6 g4 49. Qxf4+ Kc6 50. Qxg4 Rd1+ 51. Qxd1 1-0


[Site "https://www.chess.com"]

[Event "Titled Tuesday Blitz June 15 2021"]
[White "Svane, Rasmus"]
[Black "Henderson de La Fuente, Lance"]
[WhiteFideId "4657101"]
[BlackFideId "32096585"]
[WhiteElo "2669"]
[BlackElo "2280"]
[Result "1-0"]
[Round "04"]
[TimeControl "180+1"]
[Date "2021.06.15"]
[WhiteClock "0:01:07"]
[BlackClock "0:01:34"]

1. Nf3 c5 2. c4 Nc6 3. Nc3 e5 4. g3 g6 5. Bg2 Bg7 6. d3 Nge7 7. O-O O-O 8. Bg5 f6 9. Be3 d6 10. a3 Be6 11. Rb1 Nf5 12. Bd2 a5 13. Ne1 Nfe7 14. Nd5 Bf7 15. Nc2 Nxd5 16. cxd5 Ne7 17. e4 Qd7 18. Ne3 b5 19. a4 Rfb8 20. axb5 Rxb5 21. Nc4 a4 22. Ra1 Rb7 23. b3 Rxb3 24. Qxb3 axb3 25. Rxa8+ Be8 26. Rb1 Bf8 27. Rxb3 Kf7 28. Rb7 Qxb7 29. Nxd6+ Kg7 30. Nxb7 Bf7 31. Nd6 Bg8 32. Ne8+ Kf7 33. Nxf6 Kxf6 34. Rxf8+ Kg7 35. Ra8 Bf7 36. Bc3 Kf6 37. f4 g5 38. fxe5+ Kg6 39. d4 cxd4 40. Bxd4 h5 41. Kf2 h4 42. g4 Bg8 43. h3 Bf7 44. Ke3 Bg8 45. e6 Bh7 46. Re8 Ng8 47. d6 Nh6 48. d7 Ng8 49. d8=N Kh6 50. e7 Kg6 51. e5 Kh6 52. e6 Kg6 53. Be4+ Kh6 54. Bxh7 Kxh7 55. Rxg8 Kxg8 56. e8=N Kh7 57. Nd6 Kh6 58. e7 Kg6 59. e8=B+ Kh6 60. Bc6 Kh7 61. Ne6 Kg8 62. Nxg5 Kf8 63. Nf5 Kg8 64. Nxh4 Kf8 65. Nf5 Kg8 66. h4 Kf8 67. h5 Kg8 68. h6 Kf8 69. Bg7+ Kg8 70. h7# 1-0


[Site "https://www.chess.com"]

[Event "Titled Tuesday Blitz June 15 2021"]
[White "Sychev, Klementy"]
[Black "Petriashvili, Nikoloz"]
[WhiteFideId "4114060"]
[BlackFideId "13611216"]
[WhiteElo "2615"]
[BlackElo "2430"]
[Result "1-0"]
[Round "04"]
[TimeControl "180+1"]
[Date "2021.06.15"]
[WhiteClock "0:00:08"]
[BlackClock "0:00:04"]

1. e4 c6 2. Nc3 d5 3. Qf3 d4 4. Bc4 e6 5. Nce2 c5 6. d3 Nc6 7. Qg3 a6 8. a3 Nf6 9. f4 g6 10. Nf3 Be7 11. O-O Qc7 12. Qh3 Bd7 13. Bd2 h5 14. Ng5 Ng4 15. Nf3 f5 16. Rfe1 O-O-O 17. exf5 gxf5 18. b4 Ne3 19. Bb3 Rdg8 20. Bxe3 dxe3 21. Ng5 Bxg5 22. fxg5 Rxg5 23. Qxe3 e5 24. Qxc5 f4 25. Qf2 h4 26. Kh1 Rh7 27. h3 Qd6 28. Nc3 Bf5 29. Ne4 Bxe4 30. Rxe4 Rhg7 31. Rg1 Rg3 32. Kh2 f3 33. Kh1 Qg6 34. Rxh4 Nd4 35. Bd5 Rxg2 36. Rxg2 fxg2+ 37. Bxg2 Qg5 38. Rg4 Qc1+ 39. Kh2 Rc7 40. Rg8+ 1-0


[Site "https://www.chess.com"]

[Event "Titled Tuesday Blitz June 15 2021"]
[White "Tarlabasi, Emirhan"]
[Black "Turgut, Aydin"]
[WhiteFideId "6350275"]
[BlackFideId "2078791"]
[WhiteElo "1949"]
[BlackElo "2138"]
[Result "0-1"]
[Round "04"]
[TimeControl "180+1"]
[Date "2021.06.15"]
[WhiteClock "0:00:45"]
[BlackClock "0:00:29"]

1. Nf3 Nf6 2. c4 e6 3. b3 b6 4. Bb2 Bb7 5. g3 d5 6. Bg2 Nbd7 7. O-O Be7 8. d4 O-O 9. Nc3 Re8 10. Qc2 Rc8 11. Rac1 a6 12. Rfd1 Bd6 13. Qb1 h6 14. Nd2 c5 15. cxd5 exd5 16. Nf3 c4 17. e3 b5 18. bxc4 dxc4 19. a3 Ne4 20. Nd2 Nxd2 21. Rxd2 Bxg2 22. Kxg2 Qb6 23. Ba1 Bxa3 24. Rcd1 Bf8 25. Qf5 Nf6 26. d5 b4 27. Na4 Qd6 28. f4 c3 29. Re2 Rc4 30. e4 Rcxe4 31. Rde1 Rxe2+ 32. Rxe2 Rxe2+ 33. Kf3 Ra2 0-1


[Site "https://www.chess.com"]

[Event "Titled Tuesday Blitz June 15 2021"]
[White "Timofeev, Artyom"]
[Black "Siddharth, Jagadeesh"]
[WhiteFideId "4140419"]
[BlackFideId "5818320"]
[WhiteElo "2790"]
[BlackElo "2551"]
[Result "1-0"]
[Round "04"]
[TimeControl "180+1"]
[Date "2021.06.15"]
[WhiteClock "0:00:08"]
[BlackClock "0:00:02"]

1. c4 c5 2. Nf3 Nf6 3. Nc3 Nc6 4. d4 cxd4 5. Nxd4 e6 6. g3 Qb6 7. Nb3 Ne5 8. e4 Bb4 9. Qe2 d6 10. f4 Nc6 11. Be3 Qc7 12. Bg2 Bxc3+ 13. bxc3 e5 14. O-O b6 15. f5 Ba6 16. g4 Nd7 17. g5 Na5 18. Nxa5 bxa5 19. Rfd1 Nb6 20. Bf2 Nxc4 21. h4 Rb8 22. Rab1 O-O 23. Rb3 a4 24. Rb4 Qc6 25. Re1 a3 26. f6 g6 27. h5 Nb2 28. Qg4 Nd3 29. Rxb8 Rxb8 30. hxg6 hxg6 31. Qh4 Qe8 32. Re3 Nf4 33. c4 Bxc4 34. Rxa3 Rb1+ 35. Kh2 a6 36. Be3 Rb2 37. Bxf4 Be6 38. Bc1 Rc2 39. Be3 Qf8 40. Rd3 d5 41. exd5 Bf5 42. Rd2 Rxd2 43. Bxd2 e4 44. Qg3 Qa3 45. Qb8+ Kh7 46. Qg3 Qb2 47. Qh4+ Kg8 48. Bf4 Qb7 49. Qh6 1-0


[Site "https://www.chess.com"]